 Dungeon Crawl Stone Soup version 0.29.0-13-gc9e81de378 (webtiles) character file.

Game seed: 351733628538083111

105 masschaos23 the Shield-Bearer (level 5, -1/41 HPs)
             Began as a Human Fighter on Sept 7, 2022.
             Slain by an orc priest
             ... wielding a +0 flail
              (3 damage)
             ... on level 3 of the Dungeon.
             The game lasted 00:08:20 (2261 turns).

masschaos23 the Shield-Bearer (Human Fighter)       Turns: 2261, Time: 00:08:21

Health: -1/41      AC:  9    Str: 12    XL:     5   Next: 8%
Magic:  1/1        EV:  8    Int:  8    God:
Gold:   118        SH:  5    Dex: 15    Spells: 4/4 levels left

rFire   + . .      SeeInvis +   n - +6 war axe "Bivywkam" {antimagic, rPois rF+ rN+ Str-4}
rCold   . . .      Faith    .   c - +0 buckler
rNeg    + . .      Spirit   .   b - +0 scale mail
rPois   +          Reflect  .   (no helmet)
rElec   .          Harm     .   m - +0 cloak
rCorr   .          Rampage  .   l - +0 pair of gloves
Will    .....                   (no boots)
Stlth   ..........              (no amulet)
HPRegen 0.13/turn               j - ring of see invisible
MPRegen 0.07/turn               (no ring)

@: no status effects
A: no striking features
a: no special abilities


You were on level 3 of the Dungeon.
You visited 1 branch of the dungeon, and saw 3 of its levels.

You collected 118 gold pieces.

Inventory:

Hand Weapons
 a - a +0 trident
 n - the +6 war axe "Bivywkam" (weapon) {antimagic, rPois rF+ rN+ Str-4}
   (You found it on level 2 of the Dungeon)

   It reduces the magical energy of the wielder, and disrupts the spells and
   magical abilities of those it strikes.
   Natural abilities and divine invocations are not affected.
   Str:       It affects your strength (-4).
   rF:        It protects you from fire.
   rPois:     It protects you from poison.
   rN:        It protects you from negative energy.
 u - a +0 short sword of venom
 w - the +4 quarterstaff of Xoxolit {vorpal, Int+5}
   (You found it on level 3 of the Dungeon)

   It inflicts extra damage upon your enemies.
   Int:       It affects your intelligence (+5).
Missiles
 g - 4 javelins
 h - 35 stones (quivered)
 k - 2 silver javelins
Armour
 b - a +0 scale mail (worn)
 c - a +0 buckler (worn)
 l - a +0 pair of gloves (worn)
 m - a +0 cloak (worn)
Jewellery
 j - a ring of see invisible (left hand)
Wands
 s - a wand of digging (4)
Scrolls
 e - 2 scrolls of identify {unknown}
 f - a scroll of poison {unknown}
 i - 2 scrolls of vulnerability
 p - a scroll of teleportation {unknown}
 x - a scroll of brand weapon {unknown}
Potions
 d - 2 potions of might
 o - 2 potions of curing {unknown}
 q - 2 potions of invisibility {unknown}
 r - a potion of haste {unknown}
 t - a potion of attraction {unknown}
 v - a potion of degeneration {unknown}
 z - a potion of resistance {unknown}


   Skills:
 + Level 3.4 Fighting
 + Level 1.1(2.1) Axes
 + Level 2.7(2.8) Polearms
 + Level 3.5 Armour
 + Level 1.2 Dodging
 + Level 0.5 Stealth
 + Level 3.5 Shields


You had 4 spell levels left.
You didn't know any spells.
Your spell library was empty.

Dungeon Overview and Level Annotations

Branches:
Dungeon (3/15)

Altars:


Message History

w - the +4 quarterstaff of Xoxolit {vorpal, Int+5}
x - a scroll labelled JEOPLO ISMURR
There are no items here.
z - an inky potion
There are no items here.
Found a stone staircase leading down.
There is a stone staircase leading down here.
Found an emerald potion.
An orc priest comes into view. It is wielding a +0 flail.
The orc priest shouts!
A rat comes into view.
A ball python comes into view.
The ball python hisses angrily.
The orc priest invokes the aid of Beogh against you.
Pain shoots through your body!
The orc priest mumbles some strange prayers to Beogh against you.
Beogh smites you!
You block the ball python's attack. x2; The ball python bites you.
The ball python grabs you. The ball python constricts you.
You slash the ball python!
You kill the ball python!
The orc priest invokes the aid of Beogh against you.
Beogh smites you!
You slash the rat!
You kill the rat!
You block the orc priest's attack.
You hit the orc priest.
The orc priest is moderately wounded.
The orc priest calls down the wrath of Beogh upon you.
Pain shoots through your body!
* * * LOW HITPOINT WARNING * * *
You closely miss the orc priest.
The orc priest is moderately wounded.
The orc priest hits you with a +0 flail!
* * * LOW HITPOINT WARNING * * *
The orc priest hits you but does no damage.
You hit the orc priest.
The orc priest is heavily wounded.
The orc priest hits you with a +0 flail.
You die...

..... ##........########.
.....#####.................
...!.#...###....#......##..
.......# #...........###†
......# #......#..##...#
#....# #.#....#.###.#.#
#....# ......##...###.
#...######....#.#.#...
#...o@....>.##)###.##.
##########..#...#..#.#
#..##.#..##.# #....####...#
#...#....###. #...####.#.#.
#.......#...# #####.####.##
#.....##.


You could see an orc priest.

Vanquished Creatures
  Ijyb (D:3)
  An adder (D:3)
  2 worms
  A dart slug (D:3)
  2 orcs (D:3)
  7 ball pythons
  An endoplasm (D:3)
  5 giant cockroaches
  2 goblins
  6 hobgoblins
  2 jackals (D:1)
  7 kobolds
  5 quokkas
  5 bats
  7 frilled lizards
  4 rats
58 creatures vanquished.

Notes
Turn   | Place    | Note
-------+----------+-------------------------------------------
     0 | D:1      | masschaos23 the Human Fighter began the quest for the Orb.
     0 | D:1      | Reached XP level 1. HP: 18/18 MP: 1/1
    98 | D:1      | Reached XP level 2. HP: 20/24 MP: 2/2
   241 | D:1      | You fall into a shaft and drop 1 floor!
   422 | D:1      | Reached XP level 3. HP: 25/29 MP: 3/3
   786 | D:1      | Reached skill level 1 in Dodging
  1060 | D:2      | Identified the +6 war axe "Bivywkam" {antimagic, rPois rF+
                  | rN+ Str-4}
  1069 | D:2      | Found a faded altar of an unknown god.
  1399 | D:2      | Reached XP level 4. HP: 35/35 MP: 1/4
  2029 | D:3      | Noticed Ijyb
  2039 | D:3      | Killed Ijyb
  2040 | D:3      | Reached skill level 1 in Axes
  2177 | D:3      | Reached XP level 5. HP: 31/41 MP: 1/5
  2211 | D:3      | Identified the +4 quarterstaff of Xoxolit {vorpal, Int+5}
  2260 | D:3      | HP: 2/41 [orc priest/+0 flail (7)]
  2261 | D:3      | Slain by an orc priest

Illustrated notes

Levels and vault maps discovered:
D:1:      sevenhm_arrival_forest_fort_small_6, layout_basic
D:2:      cheibrodos_helix_gallery, layout_loops_corners, basic_ecumenical_altar
D:3:      layout_rooms, minmay_pentomino_pile, uniq_ijyb, uniq_natasha

Skill      XL: |  1  2  3  4 |
---------------+-------------+-----
Dodging        | 1 |  1.2
Axes           | 1 |  1.1
Fighting       | |  3.4
Polearms       | |  2.7
Armour         | |  3.5
Stealth        | |  0.5
Shields        | |  3.5

Action                   |  1- 3 |  4- 6 || total
-------------------------+-------+-------++-------
Melee: Trident           |   102 |       ||   102
       War axe           |    15 |    37 ||    52
  Use: Scroll            |     1 |       ||     1
       Potion            |     1 |       ||     1
Armor: Scale mail        |    71 |    14 ||    85
Dodge: Dodged            |    65 |    13 ||    78
Block: Buckler           |    40 |    11 ||    51
